 Dungeon Crawl Stone Soup version 0.24.0-13-gcf9b319 (webtiles) character file.

Game seed: 14451603108658132855, levelgen mode: deterministic

7294 Bronimir the Arsonist (level 11, -5/90 HPs)
             Began as a Naga Fire Elementalist on Mar 24, 2020.
             Was a High Priest of Ru.
             Slain by a titanic slime creature (78 damage)
             ... on level 11 of the Dungeon.
             The game lasted 01:06:51 (16193 turns).

Bronimir the Arsonist (Naga Fire Elementalist)     Turns: 16193, Time: 01:06:52

Health: -5/90      AC: 14    Str: 12    XL:     11   Next: 13%
Magic:  0/20       EV: 11    Int: 21    God:    Ru [*****.]
Gold:   657        SH:  0    Dex: 14    Spells: 3/22 levels left

rFire    . . .     SeeInvis +   a - +4 trident (protect)
rCold    . . .     Gourm    .   (no shield)
rNeg     . . .     Faith    .   R - +0 leather armour of Dogma {MR- Regen+ Dex+2 Stlth+}
rPois    +         Spirit   +   F - +0 helmet
rElec    .         Reflect  .   E - scarf {Spirit}
rCorr    .         Harm     .   (no gloves)
MR       .....                  (no barding)
Stlth    ..........             e - amulet of regeneration
HPRegen  1.05/turn              m - +4 ring of intelligence
MPRegen  0.17/turn              (no ring)

@: about to teleport, protection aura, very slow
A: large, see invisible, deformed body, poison resistance, slowness 2, slow
metabolism 1, spit poison 1, no stealth, disrupted magic 1, unskilled 1,
inexperienced 1, AC +3
a: Spit Poison, Draw Out Power, Power Leap, Apocalypse, Renounce Religion


You were on level 11 of the Dungeon.
You worshipped Ru.
Ru was extremely pleased with you.
You were hungry.

You visited 1 branch of the dungeon, and saw 11 of its levels.
You also visited: Bailey.

You collected 805 gold pieces.
You spent 148 gold pieces at shops.

Inventory:

Hand Weapons
 a - a +4 trident of protection (weapon)
 b - a +0 shortbow
 q - a +0 rapier of freezing
 D - a +2 spear of piercing
 K - a +0 spear of flaming
Missiles
 d - 15 boomerangs (quivered)
 k - 134 arrows
 l - 47 bolts
 w - 52 sling bullets
 I - 356 stones
 M - 7 poisoned darts
Armour
 f - a +0 ring mail
 r - a +1 leather armour
 t - a +0 buckler
 z - a +2 robe of magic resistance
 E - a scarf of spirit shield (worn)
 F - a +0 helmet (worn)
 R - the +0 leather armour of Dogma (worn) {MR- Regen+ Dex+2 Stlth+}
   (You found it in a bailey)

   It affects your dexterity (+2).
   It affects your resistance to hostile enchantments.
   It increases your rate of regeneration.
   It makes you more stealthy.
Jewellery
 e - an amulet of regeneration (around neck)
 m - a +4 ring of intelligence (left hand)
 H - an uncursed amulet of harm
 O - a +4 ring of intelligence
Wands
 B - a wand of acid (15)
 G - a wand of polymorph (11)
 J - a wand of paralysis (7)
Scrolls
 i - 2 scrolls of teleportation
 j - 2 scrolls of identify
 o - a scroll of magic mapping {unknown}
 u - a scroll of enchant armour
 y - 2 scrolls of remove curse
Potions
 g - 2 potions of curing
 h - a potion of ambrosia
 n - 3 potions of haste
 s - 3 potions of heal wounds
 v - a potion of lignification {unknown}
 x - 2 potions of flight
 A - a potion of might
 C - a potion of agility
 N - a potion of cancellation {unknown}
Comestibles
 c - 25 rations


   Skills:
 + Level 3.2 Fighting
 + Level 3.5 Polearms
 + Level 3.3 Bows
 + Level 1.7 Throwing
 * Level 5.1 Armour
 + Level 3.4 Dodging
 + Level 6.0 Spellcasting
 + Level 6.7 Conjurations
 * Level 2.5 Hexes
 * Level 8.9 Fire Magic


You had 3 spell levels left.
You knew the following spells:

 Your Spells              Type           Power        Failure   Level  Hunger
a - Flame Tongue          Conj/Fire      #####        1%          1    None
b - Throw Flame           Conj/Fire      #####.       1%          2    None
c - Conjure Flame         Conj/Fire      #####...     3%          3    ##.....
d - Sticky Flame          Conj/Fire      #####...     8%          4    ####...
e - Pain                  Necr           #...         17%         1    None
f - Fireball              Conj/Fire      #####.....   21%         5    #####..
g - Dazzling Spray        Conj/Hex       ####..       9%          3    ##.....

Your spell library contained the following spells:

 Spells                   Type           Power        Failure   Level  Hunger
 Inner Flame              Hex/Fire       ####....     6%          3    ##.....
 Corona                   Hex            ###....      7%          1    None
 Slow                     Hex            ###.....     11%         2    None
 Ensorcelled Hibernation  Hex/Ice        ##....       16%         2    None
 Confuse                  Hex            ###.....     19%         3    ##.....
 Tukima's Dance           Hex            ###.....     19%         3    ##.....
 Shroud of Golubria       Chrm/Tloc      #.....       26%         2    None
 Portal Projectile        Hex/Tloc       ##....       30%         3    ##.....
 Cause Fear               Hex            ###.......   50%         4    ####...
 Leda's Liquefaction      Hex/Erth       ##........   67%         4    ####...
 Summon Forest            Summ/Tloc      #.........   99%         5    #####..


Dungeon Overview and Level Annotations

Branches:
Dungeon (11/15)            Temple (0/1) D:4             Orc (0/2) D:10
 Bailey (visited)
   Lair: D:8-11

Altars:
Cheibriados
Gozag
Makhleb
Nemelex Xobeh
Qazlal
Ru
Sif Muna
Trog
Xom
Yredelemnul
Lugonu

Shops:
D:4 [=(?%   D:5 [*   D:9 *

Annotations:
D:7 2 transporters


Innate Abilities, Weirdness & Mutations

You cannot wear boots.
Your serpentine skin is tough. (AC +3)
You have supernaturally acute eyesight. (SInv)
Armour fits poorly on your strangely shaped body.
Your system is resistant to poisons. (rPois)
You cover ground very slowly.
You have a slow metabolism.
You can spit poison.
You cannot be stealthy.
Your casting is slightly disrupted.
You are somewhat unskilled. (-1 Apt)
You are somewhat inexperienced. (-2 XL)


Message History

Evoke which item? (* to show all) (? for menu, Esc to quit)
Aiming: Paralyse
Press: ? - help, Shift-Dir - straight line, f/p - titanic slime creature
Aim: a titanic slime creature (moderately wounded, covered in liquid flames, chance to defeat MR: 28%)
Okay, then.
Evoke which item? (* to show all) (? for menu, Esc to quit)
Aiming: Polymorph
Press: ? - help, Shift-Dir - straight line, f/p - titanic slime creature
Aim: a titanic slime creature (moderately wounded, covered in liquid flames, chance to defeat MR: 28%)
Okay, then.
Okay, then.
Okay, then.
Press: ? - help, v - describe, . - travel The floor, spattered with blood.
Unknown command.
As you read the scroll of teleportation, it crumbles to dust.
You feel strangely unstable.
The titanic slime creature burns!
The titanic slime creature burns!
The titanic slime creature hits you!!!!
Ouch! That really hurt!
You die...

...............###....#
......####.....'.'....#
......####.....###....###########
#......รท.......+................)
#.#.######.....#####...##########
#.#.# ###.#.#...'...+ #.#..
#.#.#.###...# #.#... ..#.#.# #...#
#+#.... ####.#@# #...# ...... #J#
#...# ....... #.# #^..# #.# #...#
#.# ...# ... #># .!. #..


You could see a titanic slime creature (burning).

Vanquished Creatures
  A deep elf mage (D:8)
  A cyclops (D:9)
  A gargoyle (D:10)
  A troll (D:10)
  A hippogriff (D:7)
  A wraith (D:11)
  A shadow (D:9)
  8 yaks
  2 hungry ghosts
  A basilisk (D:9)
  2 water moccasins (D:9)
  A sky beast (D:8)
  15 orc warriors
  6 ice beasts
  10 centaurs
  2 phantoms
  2 ogres
  A big kobold (D:7)
  8 bullfrogs
  A gnoll sergeant (D:9)
  A wyvern skeleton (D:7)
  5 scorpions
  3 wights (D:10)
  A howler monkey (D:5)
  3 crimson imps
  2 centaur zombies
  3 jellies
  A bullfrog skeleton (D:10)
  A centaur skeleton (D:8)
  5 orc priests
  5 hounds
  6 orc wizards
  6 iguanas
  Natasha (thrice) (D:4)
  10 worker ants
  A killer bee zombie (D:7)
  A hound skeleton (D:5)
  7 gnolls
  3 howler monkey skeletons
  14 adders
  4 shadow imps
  An ooze (D:2)
  2 adder skeletons (D:6)
  2 worms
  2 dart slugs
  5 leopard geckos
  54 orcs
  4 ball pythons
  3 bats
  7 giant cockroaches
  8 goblins
  6 hobgoblins
  10 jackals
  2 quokkas
  7 frilled lizards
  A jackal zombie (D:6)
  13 kobolds
  2 leopard gecko zombies
  7 rats
287 creatures vanquished.

Vanquished Creatures (others)
  An ogre (D:7)
  A bullfrog (D:10)
  An orc wizard (D:10)
3 creatures vanquished.

Grand Total: 290 creatures vanquished

Notes
Turn   | Place    | Note
-------+----------+-------------------------------------------
     0 | D:1      | Bronimir the Naga Fire Elementalist began the quest for the
                  | Orb.
     0 | D:1      | Reached XP level 1. HP: 15/15 MP: 3/3
   371 | D:1      | Reached XP level 2. HP: 22/22 MP: 0/5
   455 | D:1      | Learned a level 2 spell: Throw Flame
  1189 | D:2      | Reached XP level 3. HP: 21/28 MP: 2/6
  1312 | D:2      | Learned a level 3 spell: Conjure Flame
  1484 | D:2      | Reached skill level 4 in Fire Magic
  1484 | D:2      | Reached XP level 4. HP: 25/36 MP: 2/7
  2129 | D:2      | Found a sacrificial altar of Ru.
  2437 | D:2      | Found a shimmering altar of Xom.
  2437 | D:2      | Found a shimmering altar of Xom.
  2438 | D:2      | Found a shimmering altar of Xom.
  2438 | D:2      | Found a shimmering altar of Xom.
  2438 | D:2      | Found a shimmering altar of Xom.
  2438 | D:2      | Found a shimmering altar of Xom.
  2459 | D:2      | Reached XP level 5. HP: 39/42 MP: 5/8
  2622 | D:2      | Found a shimmering blue altar of Sif Muna.
  2950 | D:2      | Became a worshipper of Ru the Awakened
  3080 | D:3      | Found a sparkling altar of Nemelex Xobeh.
  3459 | D:3      | Found a bloodstained altar of Trog.
  3669 | D:3      | Found a burning altar of Makhleb.
  3993 | D:3      | Gained mutation: You are somewhat unskilled. (-1 Apt) [Ru
                  | sacrifice]
  3993 | D:3      | Reduced skill Conjurations to level 1
  3993 | D:3      | Reached * piety under Ru
  3993 | D:3      | Reached ** piety under Ru
  4200 | D:4      | Found a staircase to the Ecumenical Temple.
  4225 | D:4      | Found Jedof's Antique Armour Shoppe.
  4247 | D:4      | Bought a buckler for 148 gold pieces
  4276 | D:4      | Found Foquc's Antique Weapon Emporium.
  4491 | D:4      | Reached XP level 6. HP: 49/49 MP: 7/9
  4535 | D:4      | Found a snail-covered altar of Cheibriados.
  4607 | D:4      | Reached skill level 1 in Armour
  4647 | D:4      | Noticed Natasha
  4769 | D:4      | Killed Natasha
  4840 | D:4      | Found Qyev Qyi's Food Emporium.
  4869 | D:4      | Learned a level 4 spell: Sticky Flame
  5128 | D:4      | Found Dodi's Magic Scroll Boutique.
  5135 | D:4      | Noticed Natasha
  5146 | D:4      | Killed Natasha
  5209 | D:4      | Noticed Natasha
  5215 | D:4      | Killed Natasha
  5308 | D:4      | Found Ipnykh's Jewellery Emporium.
  5445 | D:5      | Entered Level 5 of the Dungeon
  5510 | D:5      | Noticed a phantom
  5519 | D:5      | Killed a phantom
  5519 | D:5      | Reached skill level 1 in Throwing
  5519 | D:5      | Reached XP level 7. HP: 52/56 MP: 5/11
  5743 | D:5      | Found Xybuywk's Antique Armour Shoppe.
  5818 | D:5      | Identified the Grimoire of Evil Secrets and the Voyage
  5827 | D:5      | Found Netiamie's Lightly-Used Armoury.
  5931 | D:5      | Reached skill level 5 in Fire Magic
  6936 | D:6      | Reached XP level 8. HP: 10/63 MP: 0/12
  7237 | D:6      | Reached skill level 1 in Polearms
  7569 | D:7      | Gained mutation: Your casting is slightly disrupted. [Ru
                  | sacrifice]
  7569 | D:7      | Reached *** piety under Ru
  8102 | D:7      | Reached skill level 6 in Fire Magic
  8189 | D:7      | Found a stormy altar of Qazlal.
  8295 | D:7      | Noticed a hippogriff
  8305 | D:7      | Killed a hippogriff
  8459 | D:7      | Reached XP level 9. HP: 62/69 MP: 4/15
  8543 | D:7      | Reached skill level 1 in Fighting
  8731 | D:7      | Found a transporter.
  8733 | D:7      | Noticed a red ugly thing
  8734 | D:7      | Noticed a cyan ugly thing
  8734 | D:7      | Noticed a cyan ugly thing
  8779 | D:7      | Found a transporter.
  8779 | D:7      | Found a corrupted altar of Lugonu.
  9182 | D:8      | Noticed a deep elf mage
  9214 | D:8      | Killed a deep elf mage
  9245 | D:8      | Reached skill level 5 in Conjurations
  9311 | D:8      | Reached skill level 7 in Fire Magic
  9524 | D:8      | Found a basalt altar of Yredelemnul.
  9579 | D:8      | Learned a level 1 spell: Pain
  9585 | D:8      | Learned a level 5 spell: Fireball
 10542 | D:8      | Reached XP level 10. HP: 70/78 MP: 10/17
 10561 | D:8      | Gained mutation: You are somewhat inexperienced. (-2 XL)
                  | [Ru sacrifice]
 10561 | D:8      | Reached XP level 9. HP: 70/70 MP: 11/16
 10561 | D:8      | Reached XP level 8. HP: 64/64 MP: 11/15
 10561 | D:8      | Reached **** piety under Ru
 10561 | D:8      | Reached ***** piety under Ru
 10588 | D:8      | Found a burning altar of Makhleb.
 10712 | D:9      | Reached skill level 5 in Spellcasting
 10799 | D:9      | Reached skill level 1 in Bows
 10865 | D:9      | Noticed a shadow
 10882 | D:9      | Killed a shadow
 11086 | D:9      | Noticed a cyclops
 11115 | D:9      | Killed a cyclops
 11115 | D:9      | Reached XP level 9. HP: 43/73 MP: 10/16
 11575 | D:9      | Found Iterchak's Serpentskin Sales.
 11742 | D:8      | Reached skill level 8 in Fire Magic
 12278 | D:10     | Entered Level 10 of the Dungeon
 12433 | D:10     | Learned a level 3 spell: Dazzling Spray
 12534 | D:10     | Reached XP level 10. HP: 78/81 MP: 8/18
 12672 | D:10     | Found a staircase to the Orcish Mines.
 13059 | D:10     | Noticed a gargoyle
 13072 | D:10     | Killed a gargoyle
 13072 | D:10     | Reached skill level 1 in Hexes
 13289 | D:10     | Found an opulent altar of Gozag.
 14025 | D:11     | Gained mutation: You cannot be stealthy. [Ru sacrifice]
 14352 | D:11     | Found a flagged portal.
 14366 | Bailey   | Entered a bailey
 14894 | Bailey   | Reached skill level 5 in Armour
 15071 | Bailey   | Reached XP level 11. HP: 54/90 MP: 7/20
 15084 | Bailey   | Identified the +5 chain mail "Lumpe" {rF+ rN+ Regen+ Str-2}
 15880 | Bailey   | Got a brightly glowing leather armour
 15891 | Bailey   | Identified the +0 leather armour of Dogma {MR- Regen+ Dex+2
                  | Stlth+} (You found it in a bailey)
 16193 | D:11     | Slain by a titanic slime creature

Levels and vault maps discovered:
D:1:      doesnt_arrival_eight_statues, layout_basic
D:2:      layout_basic, nicolae_ru_awakened_eye, led_sif_pool,
          supply_closet_lemuel, xom_redecorated
D:3:      layout_basic, nicolae_overflow_crystal_walls, lemuel_round_altar,
          bloody_trog
D:4:      layout_basic, kennysheep_slug_shrine, minmay_temple_entry_large_hall,
          serial_shops, kennysheep_mini_moat, nicolae_shop_waterfront,
          nicolae_shop_waterfront, shop, nicolae_shop_stone, uniq_natasha
D:5:      layout_basic, first_ration, serial_shops, shop_fountains,
          minmay_shop_damaged
D:6:      layout_cave_pools
D:7:      gammafunk_corrupted_shrine, layout_basic, grunt_qazlal_clouds,
          grunt_ogre_cave, minmay_chambers_of_fives
D:8:      layout_loops_cross, yredelemnul_altar_generic,
          makhleb_heckhound_becter
D:9:      minmay_diamond_stairs, layout_irregular_city, guppyfry_shop_venom
D:10:     layout_loops_cross, hiddenorc1_lemuel, grunt_gozag_breadcrumbs
D:11:     layout_basic, david_lair_shrubbed, enter_bailey_3

Skill      XL: |  1  2  3  4  5  6  7  8  9 10 |
---------------+-------------------------------+-----
Dodging        | 2 3 |  3.4
Fire Magic     | 4 5 6 8 |  8.9
Conjurations   | 2 3 6 5 |  6.7
Stealth        | 2 0 |  0.0
Armour         | 1 2 4 5 |  5.1
Throwing       | 1 |  1.7
Spellcasting   | 3 5 6 |  6.0
Polearms       | 1 3 |  3.5
Fighting       | 2 3 |  3.2
Bows           | 2 3 |  3.3
Hexes          | 2 |  2.5

Action                   |  1- 3 |  4- 6 |  7- 9 | 10-12 || total
-------------------------+-------+-------+-------+-------++-------
Melee: Dagger            |    19 |    10 |       |       ||    29
       Trident           |       |    37 |    58 |     5 ||   100
       Spear             |       |       |    73 |   113 ||   186
 Fire: Shortbow          |       |       |    33 |   184 ||   217
Throw: Boomerang         |     7 |    16 |    22 |     1 ||    46
 Cast: Flame Tongue      |    31 |    85 |   334 |   142 ||   592
       Throw Flame       |       |     2 |     3 |    21 ||    26
       Sticky Flame      |       |       |     3 |    23 ||    26
       Conjure Flame     |       |       |     1 |       ||     1
Invok: Sacrifice Skill   |       |     1 |       |       ||     1
       Draw Out Power    |       |       |     1 |     2 ||     3
       Sacrifice Essence |       |       |     1 |       ||     1
       Sacrifice Experie |       |       |     1 |       ||     1
       Sacrifice Stealth |       |       |       |     1 ||     1
 Abil: Spit Poison       |     6 |    29 |    62 |    27 ||   124
Evoke: Wand              |       |       |     1 |       ||     1
  Use: Scroll            |       |    11 |     6 |     9 ||    26
       Potion            |       |       |     2 |     2 ||     4
 Stab: Sleeping          |     1 |     3 |     2 |       ||     6
       Invisible         |       |       |     2 |       ||     2
       Paralysed         |       |       |       |     5 ||     5
       Distracted        |       |       |       |     1 ||     1
  Eat: Chunk             |     2 |    12 |    23 |    12 ||    49
       Ration            |       |       |       |     1 ||     1
Armor: Robe              |     6 |     5 |    94 |    57 ||   162
       Leather armour    |       |    23 |    14 |     1 ||    38
Dodge: Dodged            |    23 |    60 |   190 |   138 ||   411
